 Dungeon Crawl Stone Soup version 0.21.0-3-g78d12a8 (webtiles) character file.

1105 Kurtz the Slasher (level 8, -6/54 HPs)
             Began as an Octopode Abyssal Knight on Jan 17, 2018.
             Was a Believer of Lugonu.
             Mangled by a centaur (10 damage)
             ... on level 5 of the Dungeon.
             The game lasted 00:06:31 (4116 turns).

Kurtz the Slasher (Octopode Abyssal Knight)         Turns: 4116, Time: 00:06:31

Health: -6/54      AC:  1    Str: 12    XL:     8   Next: 32%
Magic:  9/9        EV: 15    Int: 15    God:    Lugonu [**....]
Gold:   145        SH:  4    Dex: 12    Spells: 7/7 levels left

rFire    . . .     SeeInvis .   f - +0 long sword
rCold    . . .     Gourm    .   t - +0 buckler
rNeg     . . .     Faith    .   (helmet restricted)
rPois    .         Spirit   .   (no amulet)
rElec    .         Reflect  .   (no ring)
rCorr    .         Harm     .   (no ring)
MR       .....                  (no ring)
Stlth    +++.......             (no ring)
HPRegen  0.18/turn              (no ring)
MPRegen  0.11/turn              (no ring)
                                (no ring)
                                (no ring)

@: no status effects
A: almost no armour, stealthy swim, amphibious, 8 rings, constrict 8, camouflage
1, gelatinous body 1
a: Depart the Abyss, Bend Space, Renounce Religion


You were on level 5 of the Dungeon.
You worshipped Lugonu.
Lugonu was pleased with you.
You were not hungry.

You visited 1 branch of the dungeon, and saw 5 of its levels.
You visited the Abyss 1 time.

You collected 194 gold pieces.
You spent 49 gold pieces at shops.

Inventory:

Hand Weapons
 a - a +1 falchion
 f - a +0 long sword (weapon)
Missiles
 m - 14 tomahawks (quivered)
Armour
 t - a +0 buckler (worn)
Wands
 n - a wand of random effects (22)
Scrolls
 c - a scroll of remove curse {unknown}
 g - a scroll of fog {unknown}
 h - 3 scrolls of random uselessness {unknown}
 k - 5 scrolls of identify {unknown}
 p - a scroll of teleportation {unknown}
Potions
 d - a potion of curing
 i - a potion of berserk rage {unknown}
 j - a potion of ambrosia {unknown}
 l - a potion of flight
 q - a potion of magic {unknown}
 r - a potion of haste
 u - a potion of degeneration {unknown}
Books
 o - a book of Changes

   Spells                             Type                      Level
   a - Beastly Appendage              Transmutation                1
   b - Sticks to Snakes               Transmutation                2
   c - Spider Form                    Transmutation/Poison         3
   d - Ice Form                       Ice/Transmutation            4
   e - Blade Hands                    Transmutation                5
Comestibles
 b - 11 rations


   Skills:
 - Level 4.8 Fighting
 * Level 6.1 Long Blades
 + Level 5.5 Dodging
 + Level 4.2 Stealth
 * Level 1.7 Shields
 - Level 2.4 Invocations


You had 7 spell levels left.
You didn't know any spells.

Dungeon Overview and Level Annotations

Branches:
Dungeon (5/15)
 Temple: D:4-7

Altars:
Hepliaklqana
Sif Muna
Vehumet
Wu Jian
Xom

Shops:
D:4 [

Annotations:
D:4 Pikel


Innate Abilities, Weirdness & Mutations

You cannot wear most types of armour.
You are very stealthy in the water. (Stealth+)
You are amphibious.
You can wear up to eight rings at the same time.
You can use your tentacles to constrict eight enemies at once.
Your skin changes colour to match your surroundings (Stealth+).
Your rubbery body absorbs attacks. (AC +1, EV +1)


Message History

The centaur hits you! The crimson imp hits you.
You slash the centaur!
The centaur is heavily wounded.
The centaur hits you. x2; The crimson imp barely misses you.
You hit the centaur. Your squeeze misses the centaur.
The centaur is heavily wounded.
The centaur closely misses you. The crimson imp hits you. The centaur hits you!
* * * LOW HITPOINT WARNING * * *
You hit the centaur but do no damage.
The centaur is heavily wounded.
The centaur hits you.
* * * LOW HITPOINT WARNING * * *
The crimson imp blinks!
Unknown command.
You hit the centaur.
The centaur is severely wounded.
The centaur hits you!
* * * LOW HITPOINT WARNING * * *
The centaur hits you!
You die...

##.......#.##.#
#..#.......##.#
#<##..###.###.#
#.##..# #.# #.#
#.##..# ..# #.#
#.##..#.### #.##
# #.#...#.# #..#
.. #..c....#
##.# ......#@..#
#.# .....##(.##
#.######
....!##(###
#.......
.......(..#
####.######
.....##...#
##..........
..........#
#..#########
..........###..#
≈...PP.≈≈.5....#
≈≈..≈≈≈P≈...##.#


You could see a centaur and a crimson imp.

Vanquished Creatures
  Grinder (D:4)
  A hippogriff (D:5)
  Menkaure (D:4)
  3 slaves (D:4)
  A sky beast (D:5)
  An ogre (D:4)
  A scorpion (D:4)
  A crimson imp (Abyss:2)
  A centaur skeleton (D:4)
  Jessica (D:2)
  Terence (D:3)
  2 orc wizards (D:4)
  3 worker ants (D:4)
  3 gnolls (D:4)
  3 adders
  An ooze (D:3)
  A worm (D:2)
  2 dart slugs
  3 leopard geckos
  6 orcs
  A ball python (D:1)
  7 giant cockroaches
  6 goblins
  4 hobgoblins
  10 kobolds
  2 quokkas
  2 ball python skeletons (D:4)
  8 bats
  A quokka skeleton (D:4)
  7 rats
85 creatures vanquished.

Vanquished Creatures (others)
  11 starspawn tentacles (Abyss:2)
11 creatures vanquished.

Grand Total: 96 creatures vanquished

Notes
Turn   | Place    | Note
-------+----------+-------------------------------------------
     0 | Abyss:1  | Kurtz the Octopode Abyssal Knight began the quest for the Orb.
     0 | Abyss:1  | Reached XP level 1. HP: 16/16 MP: 2/2
    45 | Abyss:2  | Noticed a large abomination
    57 | Abyss:2  | Noticed a crimson imp
    65 | Abyss:2  | Killed a crimson imp
    65 | Abyss:2  | Reached XP level 2. HP: 18/22 MP: 3/3
    65 | Abyss:2  | Reached XP level 3. HP: 22/27 MP: 4/4
   122 | Abyss:2  | Noticed a tentacled starspawn
   136 | Abyss:2  | Noticed a small abomination
   167 | Abyss:2  | Noticed a large abomination
   169 | Abyss:2  | Noticed a chaos spawn
   184 | Abyss:2  | Noticed a cacodemon
   218 | Abyss:2  | Noticed a raiju
   222 | D:1      | Escaped the Abyss
   264 | D:1      | Reached * piety under Lugonu
   559 | D:1      | Reached XP level 4. HP: 32/33 MP: 5/5
   688 | D:2      | Reached skill level 1 in Stealth
   696 | D:2      | Found a hazy altar of Hepliaklqana.
   856 | D:2      | Found a deep blue altar of Sif Muna.
   856 | D:2      | Found an ornate altar of the Wu Jian Council.
   856 | D:2      | Found a shimmering altar of Xom.
   966 | D:2      | Noticed a centaur
  1054 | D:2      | Noticed Jessica
  1061 | D:2      | Killed Jessica
  1061 | D:2      | Reached XP level 5. HP: 34/38 MP: 6/6
  1076 | D:3      | Found a radiant altar of Vehumet.
  1101 | D:3      | Noticed Terence
  1128 | D:3      | Killed Terence
  1233 | D:3      | Reached ** piety under Lugonu
  2002 | D:4      | Noticed Menkaure
  2010 | D:4      | Killed Menkaure
  2010 | D:4      | Reached XP level 6. HP: 24/45 MP: 7/7
  2301 | D:4      | Noticed Grinder
  2319 | D:4      | Killed Grinder
  2319 | D:4      | Reached skill level 3 in Long Blades
  2319 | D:4      | Reached skill level 5 in Dodging
  2319 | D:4      | Reached XP level 7. HP: 29/49 MP: 8/8
  2486 | D:4      | Reached skill level 4 in Long Blades
  2825 | D:4      | Found Kichax's Armour Shop.
  2833 | D:4      | Bought a +0 buckler for 49 gold pieces
  3029 | D:4      | Reached skill level 1 in Shields
  3036 | D:4      | Noticed Pikel
  3596 | D:4      | Reached skill level 5 in Long Blades
  3596 | D:4      | Reached XP level 8. HP: 45/54 MP: 9/9
  3739 | D:5      | Entered Level 5 of the Dungeon
  3741 | D:5      | Noticed a hippogriff
  3760 | D:5      | Killed a hippogriff
  4005 | D:5      | Reached skill level 6 in Long Blades
  4116 | D:5      | Mangled by a centaur

Skill      XL: |  1  2  3  4  5  6  7  8 |
---------------+-------------------------+-----
Fighting       | 4 |  4.8
Stealth        | 2 3 4 |  4.2
Dodging        | 3 4 5 |  5.5
Long Blades    | 3 5 6 |  6.1
Shields        | 1 |  1.7
Invocations    | |  2.4

Action                   |  1- 3 |  4- 6 |  7- 9 || total
-------------------------+-------+-------+-------++-------
Melee: Falchion          |    33 |    72 |       ||   105
       Constrict         |    13 |    21 |    18 ||    52
       Tentacles         |    10 |    18 |    26 ||    54
       Long sword        |       |    10 |   100 ||   110
Throw: Tomahawk          |       |     3 |       ||     3
Invok: Depart the Abyss  |     1 |       |       ||     1
       Bend Space        |       |       |     1 ||     1
Evoke: Wand              |       |       |     2 ||     2
  Use: Potion            |       |     2 |     4 ||     6
 Stab: Sleeping          |     4 |     9 |     1 ||    14
  Eat: Chunk             |       |     4 |     6 ||    10
Armor: Skin              |     6 |     6 |     5 ||    17
Dodge: Dodged            |    27 |    61 |    67 ||   155
Block: Buckler           |       |       |    12 ||    12
       Rpst.: Falchion   |     8 |    25 |       ||    33
       Long sword        |       |     1 |    20 ||    21
